 Dungeon Crawl Stone Soup version 0.31-a0-870-g10ed682358 (webtiles) character file.

Game seed: 5119282924519757253

37874 Bnni the Jinx (level 14, -8/92 (98) HPs)
             Began as a Formicid Hexslinger on Oct 12, 2023.
             Was an Elder of Hepliaklqana.
             Killed by an exploding water moccasin (47 damage)
             ... ignited by their inner flame
             ... on level 3 of the Lair of Beasts.
             The game lasted 00:42:29 (18307 turns).

Bnni the Jinx (Formicid Hexslinger)                Turns: 18307, Time: 00:42:31

HP:   -8/92 (98)    AC:  4    Str: 13    XL:     14   Next: 31%
MP:   7/26          EV: 12    Int: 20    God:    Hepliaklqana [****..]
Gold: 159           SH: 11    Dex: 20    Spells: 4/30 levels left

rFire   . . .        N - +4 arbalest
rCold   . . .        e - +0 buckler
rNeg    . . .        c - +0 robe
rPois   .            (helmet unavailable)
rElec   .            O - +0 cloak {rCorr}
rCorr   +            y - +0 pair of gloves
SInv    +            (no boots)
Will    +....        F - amulet of reflection
Stlth   ++           A - +6 ring of intelligence
HPRegen 0.35/turn    g - ring of wizardry
MPRegen 0.20/turn

%: reflection, wizardry (x1)
@: drained
A: reduced essence, permanent stasis, dig shafts and tunnels, antennae 3, four
strong arms
a: Dig, Shaft Self, Renounce Religion, Recall Ancestor, Ancestor Identity,
Transference, Idealise


You were on level 3 of the Lair of Beasts.
You worshipped Hepliaklqana.
Hepliaklqana was greatly pleased with you.
You visited 3 branches of the dungeon, and saw 17 of its levels.
You also visited: Ossuary.

You collected 1159 gold pieces.
You spent 1000 gold pieces at shops.

Inventory:

Hand Weapons
 D - a +0 orcbow
 N - a +4 arbalest (weapon)
Missiles
 m - 60 poisoned darts
 r - a throwing net
Armour
 a - a +0 kite shield
 c - a +0 robe (worn)
 e - a +0 buckler (worn)
 y - a +0 pair of gloves (worn)
 O - a +0 cloak of preservation (worn)
Jewellery
 g - a ring of wizardry (right hand)
 k - the ring "Cacuaxty" {Str+5 Slay+4}
   (You acquired it on level 12 of the Dungeon)

   [ring of slaying]

   Str+5:     It affects your strength (+5).
   Slay+4:    It affects your accuracy & damage with ranged weapons and melee
   (+4).
 p - a ring of fire
 A - a +6 ring of intelligence (left hand)
 F - an amulet of reflection (around neck)
 R - a ring of fire
Wands
 f - a wand of mindburst (13)
 G - a wand of roots (31)
 P - a wand of flame (5)
Scrolls
 b - 6 scrolls of poison
 h - 2 scrolls of brand weapon {unknown}
 j - a scroll of vulnerability {unknown}
 n - 5 scrolls of noise {unknown}
 o - 2 scrolls of revelation
 q - 2 scrolls of butterflies {unknown}
 s - a scroll of fear
 v - a scroll of acquirement
 B - 3 scrolls of enchant armour
 H - 3 scrolls of fog
 I - 2 scrolls of enchant weapon
 K - a scroll of amnesia
 M - a scroll of torment {unknown}
 Q - 3 scrolls of immolation {unknown}
Potions
 d - a potion of invisibility
 i - 2 potions of might {unknown}
 l - 7 potions of attraction
 t - 2 potions of haste {unknown}
 u - 3 potions of enlightenment
 w - a potion of ambrosia {unknown}
 x - 3 potions of cancellation
 z - 3 potions of lignification {unknown}
 C - 7 potions of brilliance
 E - 2 potions of berserk rage {unknown}
 J - 4 potions of heal wounds
 L - a potion of curing


   Skills:
 + Level 9.8 Fighting
 * Level 12.5 Ranged Weapons
 - Level 1.7 Dodging
 - Level 5.0 Shields
 + Level 8.8 Spellcasting
 + Level 14.5 Hexes
 + Level 7.3 Necromancy
 - Level 1.0 Fire Magic
 - Level 5.0 Earth Magic
 + Level 7.4 Invocations


You had 4 spell levels left.
You knew the following spells:

 Your Spells              Type           Power      Damage    Failure   Level
a - Jinxbite              Hex            100%       N/A       1%          2
b - Inner Flame           Hex/Fire       39%        N/A       1%          3
c - Dimensional Bullseye  Hex/Tloc       18%        N/A       2%          4
d - Cause Fear            Hex            30%        N/A       1%          4
h - Borgnjor's Vile Clut  Necr/Erth      16%        N/A       9%          5
m - Summon Mana Viper     Hex/Summ       37%        N/A       6%          5
o - Sigil of Binding      Hex            61%        N/A       1%          3

Your spell library contained the following spells:

 Spells                   Type           Power      Damage    Failure   Level
 Tukima's Dance           Hex            61%        N/A       1%          3
 Anguish                  Hex/Necr       25%        N/A       1%          4
 Animate Dead             Necr           38%        N/A       1%          4
 Apportation              Tloc           16%        N/A       4%          1
 Lesser Beckoning         Tloc           16%        N/A       6%          2
 Gell's Gravitas          Tloc           8%         N/A       12%         3
 Teleport Other           Tloc           8%         N/A       12%         3
 Brom's Barrelling Bould  Conj/Erth      18%        2d4       16%         4
 Iskenderun's Mystic Bla  Conj/Tloc      8%         2d4       38%         4
 Enfeeble                 Hex            30%        N/A       9%          7
 Death Channel            Necr           19%        N/A       28%         6
 Fireball                 Conj/Fire      5%         3d5       65%         5
 Alistair's Intoxication  Tmut/Pois      5%         N/A       71%         5
 Iskenderun's Battlesphe  Conj           8%         2d6       71%         5
 Summon Forest            Summ/Tloc      4%         N/A       71%         5
 Conjure Ball Lightning   Conj/Air       4%         3x3d6     99%         6
 Eringya's Noxious Bog    Tmut/Pois      4%         4d6       99%         6
 Summon Cactus Giant      Summ           4%         N/A       99%         6
 Orb of Destruction       Conj           4%         9d5       100%        7
 Summon Hydra             Summ           4%         N/A       100%        7


Dungeon Overview and Level Annotations

Branches:
Dungeon (13/15)            Temple (1/1) D:7            Lair (3/5) D:9
 Shoals (0/4) Lair:2          Orc (0/2) D:11        Ossuary (visited)
  Snake: Lair:2-3    Spider: Lair:2-3    Vaults: D:13-14

Altars:
Ashenzari
Cheibriados
Dithmenos
Elyvilon
Fedhas
Gozag
Hepliaklqana
Kikubaaqudgha
Makhleb
Nemelex Xobeh
Okawaru
Qazlal
Ru
Sif Muna
Trog
Uskayaw
Vehumet
Wu Jian
Xom
Yredelemnul
Zin
The Shining One

Shops:
D:8 ***:   D:9 *   D:11 [

Annotations:
D:8 2 transporters, exclusion: obsidian statue


Innate Abilities, Weirdness & Mutations

Your life essence is reduced to manifest your ancestor. (-10% HP)
You cannot be hasted, slowed, berserked, paralysed or teleported.
You can dig through walls and to a lower floor.
You have a pair of large antennae on your head. (SInv)
Your four strong arms can wield two-handed weapons with a shield.


Message History

You dig through the rock wall.
You feel drained.
The spectral komodo dragon moves over your binding sigil and is bound in place!
The spectral komodo dragon attacks as it pursues you!
You block the spectral komodo dragon's attack.
You dig through the rock wall.
You feel drained.
Casting: Sigil of Binding (safe; 1% risk of failure)
Confirm with . or Enter, or press ? or * to list all spells.
Aiming: Inner Flame (safe; 1% risk of failure)
Press: ? - help, Dir - move target, f - water moccasin
Aim: a water moccasin (chance to affect: 89%)
The water moccasin is filled with an inner flame.
Unknown command.
Fire: N) +4 arbalest
Press: ? - help, Shift-Dir - straight line, f/p - water moccasin
Aim: a water moccasin (inner flame, 58% to hit)
You shoot a bolt. The bolt hits the water moccasin!
Flame seeps out of the water moccasin.
The water moccasin is moderately wounded.
The water moccasin is engulfed in blazing flames.
Flame seeps out of the water moccasin.
The water moccasin misses you.
Unknown command.
You retract your mandibles.
The water moccasin attacks as it pursues you!
The water moccasin closely misses you.
Casting: Inner Flame (safe; 1% risk of failure)
Confirm with . or Enter, or press ? or * to list all spells.
Aiming: Borgnjor's Vile Clutch (dangerous; 9% risk of failure)
Press: ? - help, Shift-Dir - straight line, p - water moccasin Zombie hands grab the water moccasin.
The spectral komodo dragon is unaffected.
Zombie hands grab the naga.
The zombie hands constrict the naga, but do no damage.
The zombie hands constrict the water moccasin.
Flame seeps out of the water moccasin.
The spectral six-headed hydra's lost momentum returns!
The water moccasin is engulfed in blazing flames.
The water moccasin explodes!
The fiery explosion engulfs you!!!
Ouch! That really hurt!
You die...

#...P...'...!.#
#.{.....'...$## #
### #..Z.#Z....#
..#P.###.###.#.#.#
........N#####
##....°Z.#
###P.§§## ###§○##
#P§@§# ...###..##
........####
....###..#.# ...
#.....# .. #.....#
. #.....#
##.....### ##
#........# ## ###P


You could see a spectral komodo dragon (bound), a spectral six-headed hydra
(swift) and a naga (clutched).

Vanquished Creatures
  The ghost of Talonman3 the Destroyer, a journeyman DrCj of Nemelex Xobeh (Lair:3)
  The ghost of nms23 the Destroyer, a journeyman DsCj of Vehumet (Lair:2)
  A hydra (Lair:2)
  Harold (D:10)
  A catoblepas (Lair:1)
  An ogre mage (D:11)
  A boulder beetle (D:11)
  7 two-headed ogres
  Pikel (D:9)
  A deep elf zephyrmancer (D:6)
  A deep elf pyromancer (D:13)
  2 cyclopes
  Maurice (D:11)
  3 elephants (Lair:3)
  A black mamba (Lair:1)
  A gargoyle (D:12)
  A cane toad (Lair:1)
  A kobold demonologist (D:9)
  A rime drake (Lair:2)
  4 komodo dragons
  3 trolls
  Prince Ribbit (D:6)
  12 blink frogs
  7 slime creatures
  A shadow (D:10)
  2 wraiths
  13 yaks
  3 wyverns
  A vampire (D:11)
  A basilisk (Lair:1)
  2 steam dragons
  2 vampire mosquitoes
  Menkaure (D:4)
  3 wargs
  A hydra simulacrum (Lair:3)
  3 water moccasins
  An acid dragon (D:12)
  3 black bears
  An ice beast (D:5)
  10 orc warriors
  2 sky beasts
  2 ogres
  5 centaurs
  A black mamba simulacrum (Lair:3)
  7 wolves
  2 phantoms
  4 kobold brigands
  7 bullfrogs
  3 gnoll sergeants
  A cane toad simulacrum (Lair:3)
  4 scorpions
  6 water moccasin zombies (Ossuary)
  10 wights
  6 killer bees (D:7)
  An electric eel (D:9)
  3 howler monkeys
  2 komodo dragon simulacra (Lair:2)
  7 hounds
  3 jellies
  A gnoll bouda (D:7)
  13 orc priests
  A water moccasin simulacrum (Lair:2)
  4 iguanas
  Natasha (thrice) (D:2)
  10 orc wizards
  2 sleepcaps
  A polar bear simulacrum (Lair:2)
  A yak simulacrum (Lair:2)
  3 mummies
  14 gnolls
  8 adders
  2 shadow imps (D:7)
  3 white imps
  An ufetubus (D:6)
  2 adder zombies (Ossuary)
  A worm (D:3)
  3 dart slugs (D:1)
  59 orcs
  10 ball pythons
  4 endoplasms
  6 giant cockroaches
  7 gnoll zombies (Ossuary)
  7 goblins
  4 hobgoblins
  10 jackals
  2 quokkas (D:1)
  6 bats
  2 frilled lizards
  4 hobgoblin zombies
  14 kobolds
  6 kobold zombies (Ossuary)
  6 orc zombies
  5 rats
404 creatures vanquished.

Vanquished Creatures (collateral kills)
  The ghost of sanka the Martial Artist, a novice OpSh of Gozag (D:10)
  A deep elf pyromancer (D:12)
  A manticore (D:11)
  An elephant (Lair:3)
  A black mamba (Lair:3)
  2 cane toads (Lair:1)
  2 kobold demonologists (D:12)
  3 rime drakes (Lair:2)
  3 blink frogs (Lair:1)
  5 slime creatures
  A shadow (D:9)
  5 yaks
  A wraith (D:12)
  2 wargs (D:11)
  5 vampire mosquitoes
  2 water moccasins (Lair:1)
  An acid dragon (D:12)
  An orc warrior (D:12)
  3 wolves (Lair:2)
  A centaur (D:9)
  A lemure (D:9)
  A kobold brigand (D:12)
  2 bullfrogs
  A gnoll sergeant (D:10)
  An orc priest (D:12)
  An orc wizard (D:12)
  2 gnolls
  An orc (D:10)
  A kobold (D:12)
53 creatures vanquished.

Vanquished Creatures (others)
  6 knights
  4 ancestors
10 creatures vanquished.

Grand Total: 467 creatures vanquished

Notes
Turn   | Place    | Note
-------+----------+-------------------------------------------
     0 | D:1      | Bnni the Formicid Hexslinger began the quest for the Orb.
     0 | D:1      | Reached XP level 1. HP: 15/15 MP: 2/2
    40 | D:1      | Reached XP level 2. HP: 18/21 MP: 3/3
   166 | D:1      | Reached skill level 4 in Hexes
   298 | D:1      | Learned a level 2 spell: Jinxbite
   310 | D:1      | Reached XP level 3. HP: 24/26 MP: 2/5
   812 | D:1      | Learned a level 3 spell: Inner Flame
   864 | D:2      | Noticed Natasha
   872 | D:2      | Killed Natasha
   873 | D:2      | Reached XP level 4. HP: 21/33 MP: 3/6
   909 | D:2      | Noticed Natasha
   919 | D:2      | Killed Natasha
   920 | D:2      | Reached XP level 5. HP: 27/38 MP: 5/7
  1001 | D:2      | Noticed Natasha
  1008 | D:2      | Killed Natasha
  1060 | D:2      | Reached skill level 5 in Hexes
  1920 | D:3      | Reached XP level 6. HP: 33/46 MP: 4/9
  2129 | D:3      | Found a faded altar of an unknown god.
  2335 | D:4      | Learned a level 3 spell: Sigil of Binding
  2418 | D:4      | Noticed Menkaure
  2423 | D:4      | Killed Menkaure
  2424 | D:4      | Reached skill level 6 in Hexes
  2424 | D:4      | Reached XP level 7. HP: 52/52 MP: 6/11
  2690 | D:4      | Found a sand-covered staircase.
  2728 | Ossuary  | Entered an ossuary
  3065 | Ossuary  | Reached skill level 5 in Ranged Weapons
  3220 | Ossuary  | Reached XP level 8. HP: 57/60 MP: 8/13
  3363 | Ossuary  | Learned a level 4 spell: Cause Fear
  3384 | Ossuary  | Reached skill level 7 in Hexes
  4017 | D:5      | Entered Level 5 of the Dungeon
  4471 | D:5      | Found an iron altar of Okawaru.
  4736 | D:5      | HP: 3/61 [black bear (1)]
  4741 | D:5      | Reached skill level 8 in Hexes
  4958 | D:5      | Reached XP level 9. HP: 66/66 MP: 11/15
  5078 | D:5      | Found a shimmering altar of Xom.
  5274 | D:5      | Found a hide-covered altar of Uskayaw.
  5278 | D:5      | Found a blossoming altar of Fedhas.
  5283 | D:5      | Found a shadowy altar of Dithmenos.
  5433 | D:5      | Learned a level 4 spell: Dimensional Bullseye
  5574 | D:6      | Noticed a troll
  5597 | D:5      | Reached skill level 5 in Fighting
  5893 | D:6      | Killed a troll
  5894 | D:6      | Reached skill level 9 in Hexes
  6406 | D:6      | Noticed Prince Ribbit
  6441 | D:6      | Killed Prince Ribbit
  6442 | D:6      | Reached skill level 5 in Spellcasting
  6514 | D:6      | Noticed a deep elf zephyrmancer
  6522 | D:6      | Killed a deep elf zephyrmancer
  6523 | D:6      | Reached skill level 10 in Hexes
  6523 | D:6      | Reached XP level 10. HP: 32/76 MP: 15/18
  7780 | D:7      | Found a staircase to the Ecumenical Temple.
  7786 | Temple   | Entered the Ecumenical Temple
  7805 | Temple   | Became a worshipper of Hepliaklqana the Forgotten
  8287 | D:8      | Reached skill level 11 in Hexes
  8433 | D:8      | Reached skill level 1 in Invocations
  8509 | D:8      | Noticed a two-headed ogre
  8519 | D:8      | Killed a two-headed ogre
  8548 | D:8      | Reached XP level 11. HP: 57/83 MP: 4/20
  8667 | D:8      | Learned a level 5 spell: Summon Mana Viper
  8690 | D:8      | Found Bamper's Assorted Antiques.
  8698 | D:8      | Bought a scroll labelled TAIM IKHLIREL for 23 gold pieces
  8698 | D:8      | Bought a scroll of identify for 46 gold pieces
  8698 | D:8      | Bought a scroll labelled VEBIEN WUOLALL for 23 gold pieces
  8698 | D:8      | Bought 2 orange potions for 41 gold pieces
  8698 | D:8      | Bought an orange potion for 20 gold pieces
  8698 | D:8      | Bought an orange potion for 20 gold pieces
  8701 | D:8      | Found Uxoidd's General Store.
  8706 | D:8      | Bought a scroll of fear for 52 gold pieces
  8706 | D:8      | Bought a scroll of enchant weapon for 97 gold pieces
  8706 | D:8      | Bought a potion of heal wounds for 65 gold pieces
  8706 | D:8      | Bought a scroll of identify for 26 gold pieces
  8879 | D:8      | Found Docoif's Book Shop.
  8910 | D:8      | Found Hily's General Store.
  8989 | D:8      | Found a transporter.
  8989 | D:8      | Noticed a boulder beetle
  8991 | D:8      | Noticed a boulder beetle
  8993 | D:8      | Noticed an obsidian statue
  8993 | D:8      | Noticed a cyan ugly thing
  9004 | D:8      | Found a transporter.
  9025 | D:8      | Noticed a two-headed ogre
  9078 | D:8      | Killed a two-headed ogre
  9542 | D:9      | Reached skill level 12 in Hexes
 10031 | D:9      | Reached * piety under Hepliaklqana
 10075 | D:9      | Noticed Pikel
 10083 | D:9      | Killed Pikel
 10084 | D:9      | Reached skill level 1 in Necromancy
 10151 | D:9      | Reached skill level 1 in Earth Magic
 10188 | D:9      | Reached skill level 10 in Ranged Weapons
 10303 | D:9      | Noticed a two-headed ogre
 10309 | D:9      | Killed a two-headed ogre
 10416 | D:9      | Found a staircase to the Lair.
 10430 | D:9      | Found Daaph's General Store.
 10438 | D:9      | Bought a scroll of amnesia for 68 gold pieces
 10438 | D:9      | Bought a potion of curing for 51 gold pieces
 10731 | D:10     | Entered Level 10 of the Dungeon
 10961 | D:10     | Found a shimmering blue altar of Sif Muna.
 11262 | D:10     | Found a runed translucent gate.
 11262 | D:10     | Found a runed translucent gate.
 11262 | D:10     | Found a runed translucent gate.
 11267 | D:10     | Noticed sanka's ghost (novice OpSh)
 11448 | D:10     | Noticed Harold
 11457 | D:10     | Killed Harold
 11458 | D:10     | Reached skill level 1 in Shields
 11458 | D:10     | Reached XP level 12. HP: 62/82 MP: 19/22
 11702 | D:10     | Reached ** piety under Hepliaklqana
 11824 | D:10     | Remembered your ancestor Tankster McGee as a knight
 11854 | D:10     | Killed sanka's ghost
 12034 | D:11     | Noticed a boulder beetle
 12051 | D:11     | Killed a boulder beetle
 12082 | D:11     | Noticed Maurice
 12093 | D:11     | Found Keivaick's Armour Shop.
 12114 | D:11     | Killed Maurice
 12118 | D:11     | Reached skill level 13 in Hexes
 12574 | D:11     | Found a staircase to the Orcish Mines.
 12583 | D:11     | Reached skill level 5 in Invocations
 12656 | D:11     | Noticed a two-headed ogre
 12656 | D:11     | Noticed a two-headed ogre
 12656 | D:11     | Noticed an ogre mage
 12657 | D:11     | Noticed a two-headed ogre
 12658 | D:11     | Noticed a two-headed ogre
 12663 | D:11     | Killed a two-headed ogre
 12664 | D:11     | Killed a two-headed ogre
 12668 | D:11     | Killed a two-headed ogre
 12669 | D:11     | Killed an ogre mage
 12672 | D:11     | Killed a two-headed ogre
 12673 | D:11     | Reached skill level 5 in Necromancy
 12845 | D:11     | Learned a level 5 spell: Borgnjor's Vile Clutch
 12864 | D:12     | Reached XP level 13. HP: 61/89 MP: 16/24
 14527 | D:12     | Identified a scroll of acquirement
 14528 | D:12     | Acquired the ring "Cacuaxty" {Str+5 Slay+4}
 14573 | D:13     | Reached *** piety under Hepliaklqana
 15235 | D:13     | Reached skill level 5 in Earth Magic
 15354 | D:12     | Reached skill level 5 in Shields
 15464 | Lair:1   | Entered Level 1 of the Lair of Beasts
 15472 | Lair:1   | Reached skill level 14 in Hexes
 16131 | Lair:1   | Found the +7 mace of Variability {chaos, chaos arc}
 16467 | Lair:1   | Noticed a catoblepas
 16497 | Lair:1   | Killed a catoblepas
 16922 | Lair:2   | Found a staircase to the Shoals.
 16973 | Lair:2   | Noticed an eight-headed hydra
 16978 | Lair:2   | Killed an eight-headed hydra
 17065 | D:8      | Bought a book of Hexes for 468 gold pieces
 17168 | Lair:2   | Reached XP level 14. HP: 33/97 MP: 22/26
 17426 | Lair:2   | Found a runed translucent gate.
 17426 | Lair:2   | Found a runed translucent gate.
 17426 | Lair:2   | Found a runed translucent gate.
 17615 | Lair:2   | Reached **** piety under Hepliaklqana
 18015 | Lair:2   | Noticed nms23's ghost (journeyman DsCj)
 18062 | Lair:2   | Killed nms23's ghost
 18283 | Lair:3   | Found a runed translucent gate.
 18284 | Lair:3   | Found a runed translucent gate.
 18287 | Lair:3   | Found a runed translucent gate.
 18288 | Lair:3   | Noticed Talonman3's ghost (journeyman DrCj)
 18298 | Lair:3   | Killed Talonman3's ghost
 18307 | Lair:3   | Killed by an exploding water moccasin... ignited by their
                  | inner flame

Illustrated notes

Levels and vault maps discovered:
D:1:      roadster_arrival_rocket_small, layout_basic, minivault_11
D:2:      layout_rooms, uniq_natasha
D:3:      minmay_inner_zag, layout_basic,
          chequers_ecumenical_altar_simple_redux, grunt_ministairs_7,
          kennysheep_generic_room_2
D:4:      layout_loops_ring, nicolae_ossuary_entry_giza, uniq_menkaure
D:5:      minmay_chambers_of_threes, layout_basic, mainiacjoe_overflow_alcove_4,
          mainiacjoe_overflow_six_doors_small, grunt_temple_overflow_diamond,
          nrook_loot_triangle
D:6:      layout_rooms, guppyfry_early_elven_hall, uniq_prince_ribbit1
D:7:      layout_cave_pools, minmay_temple_entry_enclosed_plants
D:8:      gammafunk_sealed_arena, layout_basic, serial_shops,
          kennysheep_little_box, nicolae_shop_real_fake_doors,
          nicolae_shop_tiny_real_fake_doors, shop, serial_bayou_pond_a
D:9:      layout_long_grid, erik_lair_island, serial_shops, shop,
          kennysheep_generic_room_11, uniq_pikel
D:10:     kennysheep_blocky_hall, layout_small_grid, mainiacjoe_overflow_paths,
          biasface_ghost_orc_armoury, uniq_harold
D:11:     layout_basic, minmay_orc_entry_guard_dogs, serial_shops,
          nicolae_shop_gibbet_a_chance, uniq_maurice
D:12:     layout_cave_pools
D:13:     layout_cave_pools, david_vaults_5, portal_ice_cave_entry_imps
Temple:   nicolae_temple_slightly_damp_pantheon
Lair:1:   layout_regular_city, lemuel_fruit_fields, serial_bayou_shore_b
Lair:2:   layout_roguey, shoals_dummy_entry, gammafunk_ghost_icy
Lair:3:   dreamdust_labyrinth, layout_cave_pods,
          minmay_snake_entry_guardpost_small, basic_altar,
          gammafunk_ghost_necromancy, grunt_megastairs_5

Skill      XL: |  1  2  3  4  5  6  7  8  9 10 11 12 13 14 |
---------------+-------------------------------------------+-----
Hexes          | 4 5 6 8 10 11 12 13 14 | 14.5
Ranged Weapons | 3 4 5 6 8 9 10 11 12 | 12.5
Fighting       | 2 3 4 5 6 7 8 9 |  9.8
Spellcasting   | 2 3 4 5 6 7 8 |  8.8
Invocations    | 2 4 5 6 7 |  7.4
Necromancy     | 3 5 6 7 |  7.3
Earth Magic    | 2 4 5 |  5.0
Shields        | 1 3 5 |  5.0
Dodging        | |  1.7
Fire Magic     | |  1.0

Action                     |  1- 3 |  4- 6 |  7- 9 | 10-12 | 13-15 || total
---------------------------+-------+-------+-------+-------+-------++-------
   Fire: Sling             |   120 |   158 |   292 |       |       ||   570
         Orcbow            |       |       |    41 |   567 |   378 ||   986
         Arbalest          |       |       |       |       |    89 ||    89
  Throw: Dart              |       |       |     5 |     4 |       ||     9
   Cast: Jinxbite          |     3 |     5 |    21 |     6 |     2 ||    37
         Inner Flame       |       |     2 |    13 |    36 |     9 ||    60
         Cause Fear        |       |       |    10 |    22 |    27 ||    59
         Sigil of Binding  |       |       |     3 |     3 |     1 ||     7
         Dimensional Bulls |       |       |       |    10 |     5 ||    15
         Summon Mana Viper |       |       |       |     2 |       ||     2
         Borgnjor's Vile C |       |       |       |       |    14 ||    14
 Invoke: Ancestor Identity |       |       |       |     1 |       ||     1
         Ancestor Life: Kn |       |       |       |     1 |       ||     1
         Recall Ancestor   |       |       |       |       |     9 ||     9
Ability: Dig               |       |       |     2 |     1 |     2 ||     5
  Evoke: Wand              |       |       |       |     1 |       ||     1
    Use: Potion            |       |       |     5 |       |     3 ||     8
         Scroll            |       |       |       |    10 |     3 ||    13
 Armour: Robe              |    35 |    45 |   168 |   135 |   147 ||   530
  Dodge: Dodged            |    40 |    51 |   164 |   110 |    85 ||   450
  Block: Other             |       |       |       |    20 |       ||    20
         Reflection        |       |       |       |     6 |     4 ||    10
         Buckler           |       |       |       |    10 |    98 ||   108

Table legend: (Time is in decaauts)
 A = Elapsed time spent in this place.
 B = Non-inter-level travel time spent in this place.
 C = Inter-level travel time spent in this place.
 D = Time resting spent in this place.
 E = Time spent auto-exploring this place.
 F = Levels seen in this place.
 G = Mean time per level.
                   A        B        C        D        E       F      G
               +--------+--------+--------+--------+--------+-----+--------+
         Total |  18466 |  17493 |    973 |   4241 |   9854 |  18 | 1025.9 |
       Dungeon |  14861 |  14012 |    849 |   3347 |   7943 |  13 | 1143.2 |
        Temple |     38 |      2 |     36 |      0 |      0 |   1 |   38.0 |
          Lair |   2737 |   2650 |     87 |    312 |   1895 |   3 |  912.3 |
       Ossuary |    828 |    828 |      0 |    581 |     16 |   1 |  828.0 |
               +--------+--------+--------+--------+--------+-----+--------+

Top non-repeatable levels by time:
    D:11: 1977 daAuts
     D:5: 1806 daAuts
     D:7: 1520 daAuts
  Lair:1: 1477 daAuts
     D:9: 1471 daAuts
    D:12: 1281 daAuts
    D:10: 1268 daAuts
  Lair:2: 1095 daAuts
     D:8: 1053 daAuts
     D:6: 1051 daAuts
     D:4: 908 daAuts
     D:3: 885 daAuts
     D:1: 839 daAuts
 Ossuary: 828 daAuts
     D:2: 642 daAuts
